 Dungeon Crawl Stone Soup version 0.27.1-2-g3b301248ec (webtiles) character file.

Game seed: 15073527022070663783

2 Descartes the Sneak (level 1, 0/11 HPs)
             Began as a Spriggan Delver on Sept 24, 2021.
             Slain by Ijyb (2 damage)
             ... on level 5 of the Dungeon.
             The game lasted 00:00:23 (60 turns).

Descartes the Sneak (Spriggan Delver)                 Turns: 60, Time: 00:00:24

Health: 0/11       AC:  2    Str:  8    XL:     1   Next: 33%
Magic:  2/2        EV: 17    Int: 11    God:
Gold:   0          SH:  0    Dex: 16    Spells: 0/0 levels left

rFire    . . .     SeeInvis +   a - +0 short sword
rCold    . . .     Faith    .   (shield restricted)
rNeg     . . .     Spirit   .   b - +0 robe
rPois    .         Reflect  .   (helmet restricted)
rElec    .         Harm     .   (no cloak)
rCorr    .         Rampage  .   (gloves unavailable)
Will     .....                  (boots unavailable)
Stlth    ++++......             (no amulet)
HPRegen  0.03/turn              (no ring)
MPRegen  0.08/turn              (no ring)

@: very quick
A: very small, no large weapons, unfitting armour, see invisible, speed 3
a: no special abilities


You were on level 5 of the Dungeon.
You visited 1 branch of the dungeon, and saw 1 of its levels.

Inventory:

Hand Weapons
 a - a +0 short sword (weapon)
Armour
 b - a +0 robe (worn)
Wands
 g - a wand of digging (3)
Scrolls
 c - a scroll of fog
 d - a scroll of magic mapping
 e - a scroll of fear
Potions
 f - a potion of haste


   Skills:
 - Level 2.4 Fighting
 + Level 2.3 Short Blades
 + Level 2.8 Dodging
 + Level 7.3 Stealth


You couldn't memorise any spells.
You didn't know any spells.
Your spell library was empty.

Dungeon Overview and Level Annotations

Branches:
Dungeon (5/15)
 Temple: D:4-7

Altars:
Ru

Annotations:
D:5 Ijyb


Innate Abilities, Weirdness & Mutations

You are very small and have problems with some larger weapons.
You are too small for most types of armour.
You have supernaturally acute eyesight. (SInv)
You cover ground extremely quickly. (Speed+++)


Message History

Welcome, Descartes the Spriggan Delver.
It is said that the Orb of Zot exists deep within this dungeon.
Press ? for a list of commands and other information.
Found a trident.
Found a stone staircase leading down.
Found a sacrificial altar of Ru.
You see here a +0 trident.
A howler monkey zombie comes into view.
You see here a +0 trident.
Found a chain mail.
A dart slug comes into view.
Found a stone staircase leading down.
The helpless dart slug fails to defend itself.
You impale the dart slug!!
You kill the dart slug!
No target in view!
Found 17 arrows.
Ijyb the Twisted Goblin comes into view.
She is wielding a +0 club, wearing a +1 leather armour of cold resistance and carrying a wand of paralysis (7).
The helpless Ijyb fails to defend herself.
You impale Ijyb!!
Ijyb is almost dead.
Ijyb zaps a wand.
You suddenly lose the ability to move!
Ijyb barely misses you. Ijyb hits you with a +0 club.
Ijyb zaps a wand.
You shrug off the repeated paralysis!
Ijyb hits you with a +0 club.
Ijyb zaps a wand.
You resist with significant effort. Ijyb hits you with a +0 club.
* * * LOW HITPOINT WARNING * * *
You can move again.
You closely miss Ijyb.
Ijyb is almost dead.
Ijyb hits you with a +0 club.
You die...

### ###### #.. .....
###########.# ....
###........##.# ..#
#...#.#..#..#.##..#
#.......###..(....#
+.>.#.#..######..P####.
#........## #@.......
#.........# ##g......
#.......#.##### .#+##+#
#.............# .#
#..........[..# .#
#.............# .#
########......# ..
###..### .. ##.##


You could see Ijyb.

Vanquished Creatures
  A dart slug (D:5)
1 creature vanquished.

Vanquished Creatures (others)
  3 plants (D:5)
3 creatures vanquished.

Grand Total: 4 creatures vanquished

Notes
Turn   | Place    | Note
-------+----------+-------------------------------------------
     0 | D:5      | Descartes the Spriggan Delver began the quest for the Orb.
     0 | D:5      | Reached XP level 1. HP: 11/11 MP: 2/2
     2 | D:5      | Found a sacrificial altar of Ru.
    49 | D:5      | Noticed Ijyb
    53 | D:5      | Paralysed by Ijyb for 7 turns
    60 | D:5      | Slain by Ijyb

Illustrated notes

Levels and vault maps discovered:
D:5:      corexii_shack_village, layout_basic,
          mainiacjoe_overflow_cross_hatched, lemuel_blue_sif_altar,
          mainiacjoe_overflow_small_starburst, amcnicky_altar_gilded,
          serial_glass, glass_columns_a, glass_columns_a,
          minmay_strange_pillars, feat_on_display, feat_on_display, uniq_ijyb

Action                   || total
-------------------------++-------
Melee: Short sword       ||     3
 Stab: Sleeping          ||     2
Dodge: Dodged            ||     1
